 Dungeon Sprint DCSS version 0.20.1-1-g8b1a95d (webtiles) character file.

494332 dvd the Minotaur Barricade (level 19, 207/207 HPs)
             Began as a Minotaur Fighter on Dec 10, 2017.
             Was the Champion of Qazlal.
             Escaped with the Orb!
             The game lasted 01:04:12 (3291 turns).

dvd the Minotaur Barricade (Minotaur Fighter)       Turns: 3291, Time: 01:04:13

Health: 207/207    AC: 44    Str: 26    XL:     19   Next: 37%
Magic:  31/31      EV: 29    Int:  9    God:    Qazlal [******]
Gold:   0          SH: 45    Dex: 16    Spells: 12/22 levels left

rFire    + + .     SeeInvis +   y - +14 obsidian axe {chop, +Fly SInv *Curse} (curse)
rCold    + . .     Gourm    .   C - +18 shield of the Gong {rElec rN+ MR+ EV-5}
rNeg     + + +     Faith    .   M - +9 pearl dragon scales of Ahiucw {rF++ rN+}
rPois    +         Spirit   .   (helmet restricted)
rElec    +         Reflect  .   N - +2 cloak {rPois}
rCorr    .         Harm     .   c - +3 pair of gloves of Terror {*Contam rN+ MR++ SInv}
MR       +++++     NoTele   +   I - +2 pair of boots of Philately {rN+ MR++ Dex+2 Stlth-}
Stlth    ..........             P - amulet "Ypnaneib" {+Blink Regen+ Str+3}
Regen    0.9/turn               X - +5 ring of slaying
MPRegen  0.3/turn               p - ring of Goim {*Drain rC+ MR+ EV+4 Int+6}

@: repel missiles
A: retaliatory headbutt, horns 2, clumsy 1, dopey 1, low mp 1
0: Orb of Zot
a: Upheaval, Elemental Force, Disaster Area, Renounce Religion, Evoke Blink,
Evoke Flight


You escaped.
You worshipped Qazlal.
Qazlal was exalted by your worship.
You were not hungry.

You visited 1 branch

Inventory:

Hand Weapons
 b - the +8 lance "Wyrmbane" {slay drac, rPois rF+ rC+ AC+3}
   (You found it in the Dungeon)

   It affects your AC (+3).
   It protects you from fire.
   It protects you from cold.
   It protects you from poison.
 y - the cursed +14 obsidian axe (weapon) {chop, +Fly SInv *Curse}
   (You found it in the Dungeon)

   It inflicts extra damage upon your enemies.
   It lets you see invisible.
   It lets you fly.
   It curses itself when equipped.
   It has a curse placed upon it.
 O - the +11 mace of the Other Side {protect, rF+ rC+++ Int-5 Dex+3}
   (You found it in the Dungeon)

   It protects the one who uses it against injury (+AC on strike).
   It affects your intelligence (-5).
   It affects your dexterity (+3).
   It protects you from fire.
   It renders you almost immune to cold.
 T - the +11 whip "Makh" {vamp, rF+++ Str+4 Int+3}
   (You found it in the Dungeon)

   It inflicts no extra harm, but heals its wielder when it wounds a living foe.
   It affects your strength (+4).
   It affects your intelligence (+3).
   It renders you almost immune to fire.
Missiles
 G - 13 javelins of penetration
 H - 62 javelins
 L - 11 steel javelins (quivered)
Armour
 a - the +4 ring mail "Fuaquhoc" {rElec rC+ Regen+}
   (You found it in the Dungeon)

   It protects you from cold.
   It insulates you from electricity.
   It increases your rate of regeneration.
 c - the +3 pair of gloves of Terror (worn) {*Contam rN+ MR++ SInv}
   (You found it in the Dungeon)

   It protects you from negative energy.
   It affects your resistance to hostile enchantments.
   It lets you see invisible.
   It causes magical contamination when unequipped.
 B - the +15 Maxwell's patent armour {-Cast -Tele rElec MR+ rCorr}
   (You found it in the Dungeon)

   It insulates you from electricity.
   It affects your resistance to hostile enchantments.
   It prevents spellcasting.
   It prevents most forms of teleportation.
   It protects you from acid and corrosion.
 C - the +18 shield of the Gong (worn) {rElec rN+ MR+ EV-5}
   (You found it in the Dungeon)

   It affects your evasion (-5).
   It insulates you from electricity.
   It protects you from negative energy.
   It affects your resistance to hostile enchantments.
 D - the +3 warlock's mirror {reflect}
   (You found it in the Dungeon)
 I - the +2 pair of boots of Philately (worn) {rN+ MR++ Dex+2 Stlth-}
   (You found it in the Dungeon)

   It affects your dexterity (+2).
   It protects you from negative energy.
   It affects your resistance to hostile enchantments.
   It makes you less stealthy.
 M - the +9 pearl dragon scales of Ahiucw (worn) {rF++ rN+}
   (You took it off a cherub in the Dungeon)

   It greatly protects you from fire.
   It protects you from negative energy.
 N - a +2 cloak of poison resistance (worn)
 U - the +27 Lear's hauberk
   (You found it in the Dungeon)
Jewellery
 l - the ring of Vyjud {Ice rElec MR- MP+9 Dex+3}
   (You found it in the Dungeon)

   [ring of ice]

   It enhances your ice magic.
   It affects your dexterity (+3).
   It makes you vulnerable to fire.
   It protects you from cold.
   It insulates you from electricity.
   It affects your resistance to hostile enchantments.
   It affects your magic capacity (+9).
 p - the ring of Goim (right hand) {*Drain rC+ MR+ EV+4 Int+6}
   (You found it in the Dungeon)

   [ring of evasion]

   It affects your evasion (+4).
   It affects your intelligence (+6).
   It protects you from cold.
   It affects your resistance to hostile enchantments.
   It causes draining when unequipped.
 E - the ring "Wobo Niledo" {rCorr Int+6}
   (You took it off an orc wizard in the Dungeon)

   [ring of resist corrosion]

   It affects your intelligence (+6).
 J - a +5 ring of evasion
 P - the amulet "Ypnaneib" (around neck) {+Blink Regen+ Str+3}
   (You found it in the Dungeon)

   [amulet of regeneration]

   It affects your strength (+3).
   It lets you blink.
   It increases your rate of regeneration.
 Q - the ring "Sytsup" {rCorr rF+}
   (You took it off a spriggan defender in the Dungeon)

   [ring of resist corrosion]

   It protects you from fire.
 R - an uncursed ring of positive energy
 W - the ring of the Failed Coup {AC+6 Int+4 Dex+2}
   (You found it in the Dungeon)

   [ring of protection]

   It affects your AC (+6).
   It affects your intelligence (+4).
   It affects your dexterity (+2).
 X - a +5 ring of slaying (left hand)
 Y - the ring "Ugriveom" {+Fly MR+}
   (You found it in the Dungeon)

   [ring of flight]

   It affects your resistance to hostile enchantments.
   It lets you fly.
Scrolls
 k - 4 scrolls of blinking
 r - 4 scrolls of amnesia
 s - 5 scrolls of recharging
 t - 7 scrolls of fog
 u - a scroll of holy word
 v - 5 scrolls of identify
 w - 5 scrolls of remove curse
 x - 2 scrolls of fear
 V - 7 scrolls of brand weapon
 Z - a scroll of enchant armour
Potions
 d - 6 potions of might
 e - 10 potions of curing
 g - 14 potions of heal wounds
 h - 20 potions of haste
 i - 7 potions of magic
 j - 2 potions of berserk rage
 m - 2 potions of brilliance
 n - 2 potions of invisibility
 o - 4 potions of resistance
 q - 5 potions of agility
Comestibles
 f - 5 bread rations
 z - 42 fruits
 A - 4 meat rations
 F - 3 royal jellies
 K - 45 chunks of flesh


   Skills:
 O Level 27 Fighting
 O Level 27 Axes
 - Level 19.4(25.2) Maces & Flails
 + Level 4.2(19.0) Polearms
 + Level 23.9 Throwing
 O Level 27 Armour
 O Level 27 Dodging
 + Level 6.1 Stealth
 O Level 27 Shields
 + Level 3.8 Unarmed Combat
 + Level 2.1 Spellcasting
 + Level 2.4 Summonings
 + Level 2.3 Translocations
 O Level 27 Invocations
 + Level 3.0 Evocations


You had 12 spell levels left.
You knew the following spells:

 Your Spells              Type           Power        Failure   Level  Hunger
a - Aura of Abjuration    Summ           #.........   99%         5    ######.
b - Blink                 Tloc           N/A          28%         2    ###....
c - Regeneration          Chrm/Necr      #.........   83%         3    ####...


Dungeon Overview and Level Annotations

Branches:
Dungeon (1/1)

Altars:
Ashenzari
Cheibriados
Dithmenos
Elyvilon
Fedhas
Gozag
Hepliaklqana
Kikubaaqudgha
Makhleb
Nemelex Xobeh
Okawaru
Qazlal
Ru
Sif Muna
Trog
Uskayaw
Vehumet
Xom
Yredelemnul
Zin
The Shining One
Beogh
Jiyva
Lugonu


Innate Abilities, Weirdness & Mutations

You reflexively headbutt those who attack you in melee.
You have a pair of horns on your head.
You are clumsy. (Dex -2)
You are dopey. (Int -2)
Your magical capacity is low. (-10% MP)


Message History

You see here a +1 great sword of flaming.
You see here a Fen Folio.
You see here the cursed +1 quarterstaff of Disgust {flame, rElec rN+ Str-3}.
You see here a lamp of fire.
You see here a +0 demon whip of electrocution.
There is a transporter here.
An exit appears before you!
You enter the transporter and appear at another place.
Found the Orb of Zot.
Found a staircase leading out of the dungeon.
Unknown command.
You see here the Orb of Zot.
You pick up the Orb of Zot!
The Orb lets out a hideous shriek!
The lords of Pandemonium are not amused.
Beware!
Now all you have to do is get back out of the dungeon!
Unknown command.
Your rust devil disappears in a puff of smoke!
There is a staircase leading out of the dungeon here.
You can't go down here!
You have escaped!

............▓...).))......▓...8©8
............▓.....))......▓..))[|
............▓....=.)|.....▓..}).:
.):|).......▓....[........▓......
.)(().......▓.......).....▓......
..))).......▓▓▓▓▓▓▓▓▓▓▓▓▓▓▓.....)
▓..))...▓...▓8888888888888▓......
▓▓.....▓▓▓..▓8.§§§.§.....8▓......
▓.......▓...▓8..@........8▓.▓....
............▓8.§.§.......8▓......
...(..(.....▓8888888888888▓▓▓▓▓▓▓
▓▓▓▓▓▓▓▓▓▓▓▓▓▓▓▓▓▓▓▓▓▓▓▓▓▓▓▓▓▓▓▓▓
.....8©8........▓........8©8..(..
[[).)..|::}[:.:.▓..}:=..)([.../..
.}:}.):.|})..|:.▓.}.(:.(.).=)[)).
.|)}.|.[[.)})}[.▓.[...(.."...).[.
........([÷.....▓...|.|......().)


There were no monsters in sight!

Vanquished Creatures
  3 ancient liches (D)
  Nikola (D)
  9 pearl dragons (D)
  A lich (D)
  4 deep elf master archers (D)
  A tentacled starspawn (D)
  Frances (D)
  3 thorn hunters (D)
  8 daevas (D)
  A fire giant (D)
  3 orc warlords (D)
  A frost giant (D)
  4 ghouls (D)
  9 angels (D)
  14 spriggan defenders (D)
  8 ophanim (D)
  7 vampire knights (D)
  14 stone giants (D)
  4 dire elephants (D)
  16 apis (D)
  3 blizzard demons (D)
  2 mummy priests (D)
  6 merfolk javelineers (D)
  Harold (D)
  8 yaktaur captains (D)
  4 ice dragons (D)
  10 centaur warriors (D)
  2 hydras (D)
  21 spriggan air magi (D)
  An anaconda (D)
  5 satyrs (D)
  2 vampire magi (D)
  5 two-headed ogres (D)
  3 dancing weapons (D)
  30 spriggan berserkers (D)
  3 orc high priests (D)
  Nergalle (D)
  Sonja (D)
  5 cherubim (D)
  6 skeletal warriors (D)
  4 shambling mangroves (D)
  9 spriggan druids (D)
  A swamp dragon (D)
  4 necromancers (D)
  2 wolf spiders (D)
  An orc sorcerer (D)
  Pikel (D)
  2 deep elf magi (D)
  6 orc knights (D)
  An oklob plant (D)
  6 cyclopes (D)
  2 moths of wrath (D)
  A faun (D)
  A rust devil (D)
  Psyche (D)
  4 toenail golems (D)
  Maurice (D)
  A naga mage (D)
  10 dryads (D)
  6 yaktaurs (D)
  6 rime drakes (D)
  4 freezing wraiths (D)
  4 ice devils (D)
  A red devil (D)
  2 tormentors (D)
  3 polar bears (D)
  17 hornets (D)
  7 trolls (D)
  3 wind drakes (D)
  A flying skull (D)
  3 vampires (D)
  A wyvern (D)
  A redback (D)
  6 spriggans (D)
  17 shadows (D)
  An ushabti (D)
  A fire elemental (D)
  2 yaks (D)
  2 steam dragons (D)
  2 wargs (D)
  2 acid dragons (D)
  A naga (D)
  4 water moccasins (D)
  A hell hound (D)
  A swamp drake (D)
  An ice beast (D)
  10 orc warriors (D)
  3 necrophages (D)
  5 ogres (D)
  4 centaurs (D)
  Blork the orc (D)
  4 earth elementals (D)
  10 wights (D)
  2 crimson imps (D)
  An iron imp (D)
  2 orc wizards (D)
  Terence (D)
  3 mummies (D)
  2 adders (D)
  2 river rats (D)
  4 shadow imps (D)
  4 white imps (D)
  4 adder zombies (D)
  An adder skeleton (D)
  3 adder simulacra (D)
  5 bat skeletons (D)
  7 bat zombies (D)
  2 ball pythons (D)
  3 ball python skeletons (D)
  2 ball python zombies (D)
  A bat simulacrum (D)
  A giant cockroach simulacrum (D)
  2 jackal skeletons (D)
  3 jackal zombies (D)
  2 leopard gecko zombies (D)
  2 quokka simulacra (D)
  2 quokka skeletons (D)
  2 quokka zombies (D)
  29 briar patches (D)
  6 butterflies (D)
  3 starspawn tentacles (D)
527 creatures vanquished.

Vanquished Creatures (collateral kills)
  A pearl dragon (D)
  A lich (D)
  A thorn hunter (D)
  A ghoul (D)
  An orc warlord (D)
  A spriggan defender (D)
  A vampire knight (D)
  An ophan (D)
  A stone giant (D)
  An ice dragon (D)
  2 spriggan air magi (D)
  A hydra (D)
  A two-headed ogre (D)
  An orc high priest (D)
  A vampire mage (D)
  A satyr (D)
  A sun demon (D)
  A hell knight (D)
  A swamp dragon (D)
  2 necromancers (D)
  An orc knight (D)
  2 cyclopes (D)
  An oklob plant (D)
  A guardian mummy (D)
  A hornet (D)
  3 shadows (D)
  A wraith (D)
  A hell hound (D)
  An orc warrior (D)
  An ice beast (D)
  An ogre (D)
  4 wights (D)
  An ufetubus (D)
  A bat zombie (D)
42 creatures vanquished.

Vanquished Creatures (others)
  Kirke (D)
  Louise (D)
  A polar bear (D)
  An orc warrior (D)
  A briar patch (D)
  A butterfly (D)
  A starspawn tentacle (D)
7 creatures vanquished.

Grand Total: 576 creatures vanquished

Notes
Turn   | Place    | Note
-------+----------+-------------------------------------------
     0 | D        | dvd the Minotaur Fighter began the quest for the Orb.
     0 | D        | Reached XP level 1. HP: 19/19 MP: 0/0
     0 | D        | Found a blossoming altar of Fedhas.
    16 | D        | Found a deep blue altar of Sif Muna.
    16 | D        | Found a sacrificial altar of Ru.
    16 | D        | Found a bloodstained altar of Trog.
    16 | D        | Found a stormy altar of Qazlal.
    16 | D        | Found an iron altar of Okawaru.
    16 | D        | Found a sparkling altar of Nemelex Xobeh.
    18 | D        | Found a transporter.
    18 | D        | Found an ancient bone altar of Kikubaaqudgha.
    18 | D        | Found a viscous altar of Jiyva.
    18 | D        | Found a corrupted altar of Lugonu.
    18 | D        | Found a hazy altar of Hepliaklqana.
    18 | D        | Found a burning altar of Makhleb.
    18 | D        | Found an opulent altar of Gozag.
    93 | D        | Reached skill level 5 in Fighting
    93 | D        | Reached skill level 5 in Armour
    93 | D        | Reached skill level 5 in Shields
    93 | D        | Reached XP level 2. HP: 29/29 MP: 1/1
   137 | D        | Became a worshipper of Qazlal Stormbringer
   177 | D        | Entered arena 2.
   177 | D        | Found a transporter.
   182 | D        | Got the ring of Goim {*Drain rC+ MR+ EV+4 Int+6}
   187 | D        | Entered arena 3.
   187 | D        | Found a transporter.
   190 | D        | Reached * piety under Qazlal
   190 | D        | Reached XP level 3. HP: 37/37 MP: 2/2
   191 | D        | Reached skill level 5 in Axes
   191 | D        | Reached XP level 4. HP: 45/45 MP: 3/3
   199 | D        | Entered arena 4.
   199 | D        | Noticed a water moccasin
   199 | D        | Noticed a water moccasin
   199 | D        | Noticed a water moccasin
   199 | D        | Found a transporter.
   202 | D        | Reached ** piety under Qazlal
   203 | D        | Killed a water moccasin
   203 | D        | Reached XP level 5. HP: 53/53 MP: 4/4
   205 | D        | Killed a water moccasin
   205 | D        | Reached XP level 6. HP: 55/63 MP: 5/5
   209 | D        | Killed a water moccasin
   334 | D        | Got the +7 spear "Cythras" {freeze, rF+ rC+}
   357 | D        | Entered arena 5.
   357 | D        | Noticed a tentacled starspawn
   357 | D        | Found a transporter.
   361 | D        | Reached *** piety under Qazlal
   363 | D        | Noticed a ynoxinul
   364 | D        | Killed a tentacled starspawn
   364 | D        | Reached **** piety under Qazlal
   364 | D        | Reached XP level 7. HP: 77/77 MP: 6/6
   364 | D        | Reached XP level 8. HP: 83/83 MP: 7/7
   364 | D        | Reached XP level 9. HP: 90/90 MP: 8/8
   391 | D        | Entered arena 6.
   391 | D        | Noticed a sun demon
   391 | D        | Found a transporter.
   398 | D        | Killed a sun demon
   398 | D        | Reached ***** piety under Qazlal
   404 | D        | Got the amulet "Oniucs" {Faith MR+}
   606 | D        | Entered arena 7.
   606 | D        | Noticed a dire flail of crushing
   606 | D        | Noticed a deep elf mage
   606 | D        | Noticed a halberd of chopping
   606 | D        | Noticed a battleaxe of freezing
   606 | D        | Noticed a deep elf mage
   607 | D        | Found a transporter.
   609 | D        | Killed a battleaxe of freezing
   609 | D        | Reached skill level 15 in Axes
   612 | D        | Killed a deep elf mage
   613 | D        | Killed a dire flail of crushing
   613 | D        | Reached XP level 10. HP: 100/102 MP: 9/9
   615 | D        | Killed a deep elf mage
   618 | D        | Killed a halberd of chopping
   647 | D        | Entered arena 8.
   647 | D        | Noticed a naga mage
   648 | D        | Found a transporter.
   651 | D        | Reached ****** piety under Qazlal
   654 | D        | Killed a naga mage
   677 | D        | Entered arena 9.
   677 | D        | Noticed a mummy priest
   677 | D        | Noticed a mummy priest
   678 | D        | Found a transporter.
   684 | D        | Killed a mummy priest
   685 | D        | Killed a mummy priest
   685 | D        | Reached skill level 5 in Invocations
   685 | D        | Noticed a reaper
   710 | D        | Got the amulet "Ypnaneib" {+Blink Regen+ Str+3}
   717 | D        | Identified Sicsoph's Catalogue of Conjuration (You found it in the Dungeon)
   742 | D        | Entered arena 10.
   742 | D        | Noticed a toenail golem
   742 | D        | Noticed a toenail golem
   742 | D        | Noticed a toenail golem
   742 | D        | Noticed a toenail golem
   743 | D        | Found a transporter.
   748 | D        | Killed a toenail golem
   748 | D        | Reached XP level 11. HP: 63/111 MP: 14/14
   752 | D        | Reached skill level 15 in Shields
   935 | D        | Learned a level 5 spell: Aura of Abjuration
   948 | D        | Entered arena 11.
   949 | D        | Found a transporter.
   953 | D        | Reached skill level 15 in Fighting
   967 | D        | Got the cursed ring "Kiusui" {Str-5 Int+3}
   971 | D        | Got the amulet "Sokicw" {+Rage rC+ MP+9}
   975 | D        | Identified Cobeamu's Compendium of Bewitching Stones (You found it in the Dungeon)
   986 | D        | Entered arena 12.
   986 | D        | Noticed a blizzard demon
   987 | D        | Noticed a frost giant
   988 | D        | Found a transporter.
   996 | D        | Killed a blizzard demon
   996 | D        | Reached skill level 1 in Stealth
  1002 | D        | Killed a frost giant
  1009 | D        | Got the ring "Socaesar" {-Tele rN+ MR+ Str+2}
  1051 | D        | Entered arena 13.
  1052 | D        | Noticed a skeletal warrior
  1053 | D        | Found a transporter.
  1061 | D        | Killed a skeletal warrior
  1131 | D        | Entered arena 14.
  1132 | D        | Noticed an orc knight
  1132 | D        | Noticed an orc knight
  1133 | D        | Noticed an orc high priest
  1133 | D        | Noticed an orc knight
  1134 | D        | Found a transporter.
  1144 | D        | Reached XP level 12. HP: 122/124 MP: 17/17
  1147 | D        | Killed an orc high priest
  1175 | D        | Got the ring of the Failed Coup {AC+6 Int+4 Dex+2}
  1193 | D        | Identified the Almanac of Spatial Shape Shifting (You found it in the Dungeon)
  1197 | D        | Entered arena 15.
  1198 | D        | Noticed Terence
  1198 | D        | Noticed Psyche
  1198 | D        | Noticed Kirke
  1198 | D        | Noticed Louise
  1198 | D        | Noticed Harold
  1198 | D        | Noticed Frances
  1198 | D        | Noticed Maurice
  1198 | D        | Noticed Nergalle
  1199 | D        | Noticed Pikel
  1199 | D        | Noticed Blork the orc
  1199 | D        | Noticed Nikola
  1199 | D        | Noticed Sonja
  1200 | D        | Killed Terence
  1200 | D        | Killed Psyche
  1200 | D        | Killed Maurice
  1200 | D        | Killed Blork the orc
  1200 | D        | Killed Pikel
  1205 | D        | Noticed a sphinx
  1205 | D        | Killed Kirke
  1206 | D        | Found a transporter.
  1206 | D        | Killed Harold
  1207 | D        | Killed Sonja
  1210 | D        | Killed Frances
  1210 | D        | Reached skill level 10 in Invocations
  1213 | D        | Killed Louise
  1215 | D        | Killed Nergalle
  1225 | D        | Killed Nikola
  1262 | D        | Learned a level 2 spell: Blink
  1281 | D        | Entered arena 16.
  1282 | D        | Noticed a blizzard demon
  1282 | D        | Noticed a blizzard demon
  1282 | D        | Noticed an ice dragon
  1282 | D        | Noticed an ice dragon
  1283 | D        | Noticed an ice dragon
  1284 | D        | Found a transporter.
  1287 | D        | Killed an ice dragon
  1288 | D        | Reached XP level 13. HP: 137/137 MP: 16/20
  1292 | D        | Killed a blizzard demon
  1300 | D        | Killed a blizzard demon
  1327 | D        | Identified Sif Muna's Disquisition on Feathery Augmentations (You found it in the Dungeon)
  1337 | D        | Entered arena 17.
  1354 | D        | Found a transporter.
  1368 | D        | Got the +11 mace of the Other Side {protect, rF+ rC+++ Int-5 Dex+3}
  1371 | D        | Got the ring "Javoynydgh" {Wiz +Blink rElec MP+9 Str-5}
  1413 | D        | Entered arena 18.
  1416 | D        | Noticed a fire giant
  1416 | D        | Noticed a stone giant
  1430 | D        | Killed a fire giant
  1433 | D        | Killed a stone giant
  1435 | D        | Found a transporter.
  1456 | D        | Identified the Almanac of Enthralling Cold (You found it in the Dungeon)
  1462 | D        | Identified the Grimoire of Intoxication and the Birds (You found it in the Dungeon)
  1486 | D        | Entered arena 19.
  1489 | D        | Noticed a jiangshi
  1489 | D        | Noticed a vampire knight
  1492 | D        | Noticed a lich
  1498 | D        | Reached XP level 14. HP: 123/149 MP: 22/22
  1500 | D        | Killed a lich
  1502 | D        | Killed a vampire knight
  1516 | D        | Got the ring of Youthful Indiscretion {rN+ MR- Int+4 Stlth+}
  1520 | D        | Found a transporter.
  1536 | D        | Got the ring of Lacaegg {rPois MP+9 Str-2 Int+5}
  1558 | D        | Entered arena 20.
  1574 | D        | Found a transporter.
  1762 | D        | Entered arena 21.
  1766 | D        | Noticed a vampire knight
  1766 | D        | Noticed an ancient lich
  1767 | D        | Noticed a lich
  1767 | D        | Noticed a vampire knight
  1769 | D        | Noticed a vampire knight
  1769 | D        | Noticed a ghoul
  1770 | D        | Killed a lich
  1770 | D        | Killed a vampire knight
  1778 | D        | Killed a vampire knight
  1778 | D        | Killed a vampire knight
  1779 | D        | Killed an ancient lich
  1782 | D        | Killed a ghoul
  1784 | D        | Found a transporter.
  1786 | D        | Reached skill level 5 in Dodging
  1812 | D        | Identified Kougg's Collected Works on Fire and the Mountains (You found it in the Dungeon)
  1896 | D        | Entered arena 22.
  1899 | D        | Noticed an orc warlord
  1900 | D        | Noticed a stone giant
  1900 | D        | Noticed an orc warlord
  1900 | D        | Noticed an orc warlord
  1904 | D        | Noticed an orc warlord
  1907 | D        | Killed an orc warlord
  1910 | D        | Killed an orc warlord
  1914 | D        | Reached skill level 15 in Armour
  1920 | D        | Gained mutation: You are dopey. (Int -2) [a neqoxec]
  1921 | D        | Killed a stone giant
  1921 | D        | Gained mutation: You are clumsy. (Dex -2) [a neqoxec]
  1921 | D        | Gained mutation: Your magical capacity is low. (-10% MP) [a neqoxec]
  1923 | D        | Reached XP level 15. HP: 102/165 MP: 21/21
  1936 | D        | Killed an orc warlord
  1938 | D        | Killed an orc warlord
  1952 | D        | Found a transporter.
  1956 | D        | Got the ring "Wobo Niledo" {rCorr Int+6}
  1994 | D        | Identified the Grimoire of Doomed Air (You found it in the Dungeon)
  2040 | D        | Entered arena 23.
  2048 | D        | Reached skill level 27 in Shields
  2052 | D        | Reached skill level 27 in Axes
  2070 | D        | Found a transporter.
  2113 | D        | Got the +4 ring mail "Fuaquhoc" {rElec rC+ Regen+}
  2163 | D        | Entered arena 24.
  2173 | D        | Noticed an ancient lich
  2175 | D        | Noticed an ancient lich
  2190 | D        | Killed an ancient lich
  2190 | D        | Reached skill level 27 in Fighting
  2190 | D        | Reached skill level 15 in Invocations
  2190 | D        | Killed an ancient lich
  2190 | D        | Reached XP level 16. HP: 173/183 MP: 22/24
  2238 | D        | Found a transporter.
  2246 | D        | Got the -4 pair of boots of Cahinucw {+Fly rC- rN+ Slay+3}
  2328 | D        | Entered arena 25.
  2336 | D        | Noticed a thorn hunter
  2338 | D        | Reached skill level 10 in Maces & Flails
  2339 | D        | Reached skill level 15 in Maces & Flails
  2339 | D        | Killed a thorn hunter
  2356 | D        | Found a transporter.
  2475 | D        | Entered arena 26.
  2488 | D        | Noticed a pearl dragon
  2489 | D        | Noticed a pearl dragon
  2490 | D        | Noticed a pearl dragon
  2490 | D        | Noticed a pearl dragon
  2491 | D        | Noticed a pearl dragon
  2492 | D        | Noticed a pearl dragon
  2492 | D        | Killed a pearl dragon
  2492 | D        | Reached XP level 17. HP: 170/191 MP: 25/27
  2492 | D        | Killed a pearl dragon
  2493 | D        | Noticed a pearl dragon
  2496 | D        | Noticed a pearl dragon
  2497 | D        | Reached skill level 10 in Dodging
  2498 | D        | Killed a pearl dragon
  2498 | D        | Killed a pearl dragon
  2498 | D        | Killed a pearl dragon
  2499 | D        | Noticed a pearl dragon
  2500 | D        | Killed a pearl dragon
  2500 | D        | Killed a pearl dragon
  2506 | D        | Noticed a pearl dragon
  2513 | D        | Reached skill level 27 in Invocations
  2513 | D        | Killed a pearl dragon
  2513 | D        | Killed a pearl dragon
  2513 | D        | Reached skill level 15 in Dodging
  2513 | D        | Reached XP level 18. HP: 55/200 MP: 14/30
  2513 | D        | Reached skill level 27 in Armour
  2513 | D        | Killed a pearl dragon
  2734 | D        | Found a transporter.
  2742 | D        | Got the +9 pearl dragon scales of Ahiucw {rF++ rN+}
  2802 | D        | Got the +3 pair of gloves of Terror {*Contam rN+ MR++ SInv}
  2809 | D        | Identified Fenko Jeff's Almanac of Attacks (You found it in the Dungeon)
  2843 | D        | Got the ring of Vyjud {Ice rElec MR- MP+9 Dex+3}
  2848 | D        | Got the +11 whip "Makh" {vamp, rF+++ Str+4 Int+3}
  2852 | D        | Entered arena 27.
  2862 | D        | Identified the +0 war axe "Jiyh" {flame, *Drain +Rage +Inv rElec}
  2864 | D        | Reached skill level 27 in Dodging
  2864 | D        | Reached skill level 1 in Polearms
  2864 | D        | Reached skill level 1 in Throwing
  2864 | D        | Reached skill level 1 in Unarmed Combat
  2864 | D        | Reached skill level 1 in Spellcasting
  2864 | D        | Reached skill level 1 in Summonings
  2864 | D        | Reached skill level 1 in Translocations
  2864 | D        | Reached skill level 1 in Evocations
  2866 | D        | Reached skill level 5 in Stealth
  2867 | D        | Found a transporter.
  2872 | D        | Reached skill level 5 in Throwing
  2910 | D        | Got the ring "Ugriveom" {+Fly MR+}
  2927 | D        | Identified the Volume of Burning Stones (You found it in the Dungeon)
  3004 | D        | Identified the Papyrus of Icy Transmutation (You found it in the Dungeon)
  3023 | D        | Learned a level 3 spell: Regeneration
  3068 | D        | Entered arena 28.
  3081 | D        | Reached skill level 10 in Throwing
  3081 | D        | Reached skill level 15 in Throwing
  3081 | D        | Reached XP level 19. HP: 207/207 MP: 31/31
  3109 | D        | Found a transporter.
  3128 | D        | Got the +2 pair of boots of Philately {rN+ MR++ Dex+2 Stlth-}
  3168 | D        | Got the ring "Sytsup" {rCorr rF+}
  3216 | D        | Got the ring "Juall" {rN+ Int+3}
  3286 | D        | Got the Orb of Zot
  3291 | D        | Escaped with the Orb!

Skill      XL: |  1  2  3  4  5  6  7  8  9 10 11 12 13 14 15 16 17 18 19 |
---------------+----------------------------------------------------------+-----
Fighting       | 5 6 8 9 12 13 14 16 19 20 23 27 | 27.0
Axes           | 4 5 6 7 13 16 18 20 22 24 25 27 | 27.0
Armour         | 5 6 8 9 11 12 13 14 15 19 23 26 27 | 27.0
Dodging        | 3 4 5 6 9 15 27 | 27.0
Shields        | 5 6 7 8 12 13 14 17 19 22 25 27 | 27.0
Invocations    | 6 9 11 12 13 16 20 27 | 27.0
Stealth        | 1 2 3 5 6 |  6.1
Maces & Flails | 19 | 19.4
Polearms       | 4 |  4.2
Throwing       | 17 23 | 23.9
Unarmed Combat | 3 |  3.8
Spellcasting   | 2 |  2.1
Summonings     | 2 |  2.4
Translocations | 2 |  2.3
Evocations     | 3 |  3.0

Action                   |  1- 3 |  4- 6 |  7- 9 | 10-12 | 13-15 | 16-18 | 19-21 || total
-------------------------+-------+-------+-------+-------+-------+-------+-------++-------
Melee: Broad axe         |     3 |    15 |    12 |    97 |   169 |    73 |    23 ||   392
       Headbutt          |       |     2 |     3 |    33 |    50 |    18 |     2 ||   108
Throw: Javelin           |       |       |       |       |       |     5 |     4 ||     9
Invok: Disaster Area     |       |       |       |     2 |     4 |     7 |     1 ||    14
  Use: Potion            |     1 |       |       |     1 |     1 |     1 |       ||     4
       Scroll            |       |       |     1 |       |     3 |       |       ||     4
 Stab: Distracted        |       |       |       |     1 |     3 |       |     1 ||     5
  Eat: Chunk             |       |       |       |     1 |     3 |     3 |     1 ||     8
Armor: Plate armour      |       |     7 |     3 |    20 |    70 |     6 |       ||   106
       Chain mail        |       |       |       |       |       |    33 |       ||    33
       Pearl dragon scal |       |       |       |       |       |     9 |     6 ||    15
Dodge: Dodged            |       |       |     1 |    10 |    30 |    21 |       ||    62
       Deflected         |       |       |       |     2 |     4 |    10 |       ||    16
Block: Shield            |     2 |    27 |    22 |   133 |   343 |   181 |    28 ||   736
